 Dungeon Crawl Stone Soup version 0.31-a0-459-gc8a9bf3d51 (webtiles) character file.

Game seed: 15908629769685496845

6036 Azelaic the Thaumaturge (level 11, -2/72 HPs)
             Began as a Djinni Fire Elementalist on Aug 4, 2023.
             Was an Elder of Wu Jian.
             Slain by a two-headed ogre
             ... wielding a +0 giant club
              (9 damage)
             ... on level 9 of the Dungeon.
             The game lasted 01:12:30 (17874 turns).

Azelaic the Thaumaturge (Djinni Fire Elementalist) Turns: 17874, Time: 01:12:34

Health: -2/72      AC:  8    Str:  9    XL:     11   Next: 11%
Gold:   168        EV: 15    Int: 19    God:    Wu Jian [****..] SH:  7 Dex: 14

rFire   + + +        M - +3 trident (vamp)
rCold   x . .        p - +2 buckler
rNeg    + + +        n - +2 robe {rC+}
rPois   ∞            r - +2 hat
rElec   .            l - +1 cloak
rCorr   .            (no gloves)
SInv    .            (boots unavailable)
Will    +....        (no amulet)
Stlth   +++          v - ring "Zaerphav" {Fire rN+++ MP-9}
HPRegen 0.32/turn    C - ring of poison resistance
MPRegen 0.00/turn

%: infuse magic (-3 HP)
@: flying, very slightly contaminated
A: sickness immunity, fire resistance 2, cold vulnerability 1, float, innate
caster, HP casting, extra vitality 1
a: Renounce Religion, Wall Jump, Serpent's Lash


You were on level 9 of the Dungeon.
You worshipped Wu Jian.
Wu Jian was greatly pleased with you.
You visited 2 branches of the dungeon, and saw 10 of its levels.

You collected 456 gold pieces.
You spent 288 gold pieces at shops.

Inventory:

Hand Weapons
 c - a +0 short sword
 d - a +2 short sword of draining
 m - the +8 hand axe of Zin's Hope {venom, rF+ Stlth+}
   (You found it on level 2 of the Dungeon)

   rF:        It protects you from fire.
   Stlth:     It makes you more stealthy.
 q - a +4 quarterstaff of chaos
 w - a +0 dagger of holy wrath
 H - a +2 battleaxe of freezing
 M - a +3 vampiric trident (weapon)
 O - a +1 whip of electrocution
 P - a +1 short sword of protection
Missiles
 e - 12 boomerangs
 f - 33 poisoned darts
 t - 5 silver javelins
 D - a throwing net
 J - 7 curare-tipped darts
Armour
 j - a +3 leather armour of cold resistance
 l - a +1 cloak (worn)
 n - a +2 robe of cold resistance (worn)
 p - a +2 buckler (worn)
 r - a +2 hat (worn)
 G - a +0 barding
Magical Staves
 h - a staff of death
 s - a staff of poison
Jewellery
 v - the ring "Zaerphav" (left hand) {Fire rN+++ MP-9}
   (You found it on level 4 of the Dungeon)

   [ring of fire]

   It enhances your fire magic.
   rF:        It protects you from fire.
   rC:        It makes you vulnerable to cold.
   rN:        It renders you almost immune to negative energy.
   MP:        It affects your magic capacity (-9).
 C - a ring of poison resistance (right hand)
 K - a ring of see invisible
Wands
 o - a wand of roots (7)
 y - a wand of charming (17)
Scrolls
 b - a scroll of enchant armour
 u - a scroll of brand weapon
 x - a scroll of silence
 B - a scroll of enchant weapon
 I - a scroll of fear {unknown}
 N - 2 scrolls of vulnerability {unknown}
Potions
 a - 2 potions of heal wounds {unknown}
 i - a potion of berserk rage
 k - 2 potions of attraction
 z - a potion of magic
 A - a potion of enlightenment
 E - a potion of degeneration {unknown}
 F - a potion of haste
 L - a potion of ambrosia {unknown}


   Skills:
 + Level 3.7 Fighting
 + Level 1.3 Short Blades
 + Level 1.6 Axes
 + Level 8.3 Dodging
 + Level 5.1 Stealth
 + Level 5.9 Shields
 + Level 0.1 Unarmed Combat
 + Level 8.4 Spellcasting
 + Level 8.4 Conjurations
 + Level 8.4 Hexes
 + Level 8.4 Summonings
 + Level 8.4 Necromancy
 + Level 8.4 Translocations
 + Level 8.4 Transmutations
 + Level 8.4 Fire Magic
 + Level 8.4 Ice Magic
 + Level 8.4 Air Magic
 + Level 8.4 Earth Magic
 + Level 8.4 Poison Magic
 + Level 0.7 Evocations


You knew the following spells:

 Your Spells              Type           Power      Damage    Failure   Level
a - Foxfire               Conj/Fire      100%       2x1d9     1%          1
b - Scorch                Fire           100%       2d9       1%          2
c - Volatile Blastmotes   Fire/Tloc      100%       2d18      1%          3
d - Inner Flame           Hex/Fire       57%        N/A       1%          3
e - Flame Wave            Conj/Fire      57%        2d14      3%          4
f - Necrotise             Necr           100%       1d9       1%          1
g - Lesser Beckoning      Tloc           80%        N/A       1%          2
h - Hailstorm             Conj/Ice       40%        3d10      1%          3
i - Swiftness             Air            40%        N/A       1%          3
j - Passage of Golubria   Tloc           40%        N/A       3%          4
Your spell library was empty.

Dungeon Overview and Level Annotations

Branches:
Dungeon (9/15)             Temple (1/1) D:5
   Lair: D:8-11         Orc: D:9-12

Altars:
Ashenzari
Cheibriados
Dithmenos
Fedhas
Gozag
Hepliaklqana
Makhleb
Nemelex Xobeh
Okawaru
Qazlal
Ru
Trog
Uskayaw
Wu Jian
Xom
Yredelemnul
Zin
The Shining One

Shops:
D:7 *


Innate Abilities, Weirdness & Mutations

You are immune to sickness and miasma.
You are immune to poison.
Your flesh is very heat resistant. (rF++)
You are vulnerable to cold. (rC-)
You float through the air rather than walking.
You learn spells naturally, not from books.
Your magical power is your life essence.
You have superior vitality. (+4 MHP)


Message History

A gnoll comes into view. It is wielding a +0 halberd.
Casting: Scorch (safe; 1% risk of failure)
Confirm with . or Enter, or press ? or * to list all spells.
You feel a surge of power!
Flames lash the two-headed ogre.
The two-headed ogre is burned terribly!
The two-headed ogre is heavily wounded.
The gnoll shouts!
You block the two-headed ogre's attack. The two-headed ogre barely misses you.
Casting: Scorch (safe; 1% risk of failure)
Confirm with . or Enter, or press ? or * to list all spells.
You feel a surge of power!
Flames lash the two-headed ogre.
The two-headed ogre is burned terribly!
The two-headed ogre is almost dead.
Casting: Scorch (safe; 1% risk of failure)
Confirm with . or Enter, or press ? or * to list all spells.
You feel a surge of power!
You miscast Scorch.
You are very lightly contaminated with residual magic.
Nothing appears to happen.
The two-headed ogre hits you with a +0 giant club!!
* * * LOW HITPOINT WARNING * * *
The two-headed ogre closely misses you.
Casting: Scorch (safe; 1% risk of failure)
Confirm with . or Enter, or press ? or * to list all spells.
You feel a surge of power!
Flames lash the two-headed ogre.
The two-headed ogre is burned terribly!
The two-headed ogre is almost dead.
* * * LOW HITPOINT WARNING * * *
The two-headed ogre hits you with a +0 giant club.
* * * LOW HITPOINT WARNING * * *
The two-headed ogre completely misses you.
Aiming: Charm
Press: ? - help, Q - select action, (/) - cycle Shift-Dir - straight line, f - two-headed ogre
Aim: a two-headed ogre, wielding a +0 giant club and a +0 giant spiked club (almost dead, more vulnerable to fire, chance to affect: 32%)
The two-headed ogre easily resists.
Read: scroll of poison
Press: ? - help, Q - select action, (/) - cycle Dir - look around, f - activate The air fills with toxic fumes!
As you read the scroll of poison, it crumbles to dust.
The two-headed ogre hits you with a +0 giant club!
You die...

###...# #..####.# .#..###
#§......# ?.# ...## ##§###### ..#
.### ##§## ..# .# ##§§§## #.#
.### ##§§§§§## ### #.# .#.###
##§§§§§§§## ##.###.#
.....###.§§§§§§§§####§§§##.######
.......'.§§§§§g§@O§§§§§§.........
.....###.§§§§§§§§####§§§##.######
.#...# ##§§§§§§§## ##.###.# #
..#..# ##§§§§§## ### #.# # #.#..#
##§§§########## #.# # #>#..#
##§##........# #.# # .....#
#§##.######.# #.# # .>..## #.##)#
####.###.# # #.##########.##.#
#........# ###


You could see a two-headed ogre (combustible) and a gnoll.

Vanquished Creatures
  A two-headed ogre (D:8)
  An unseen horror zombie (D:8)
  A shadow (D:7)
  A wyvern (D:9)
  3 humans (D:9)
  A steam dragon (D:8)
  Menkaure (D:4)
  An acid dragon (D:8)
  4 water moccasins (D:7)
  2 ice beasts
  A black bear (D:7)
  A hornet zombie (D:8)
  A sky beast (D:7)
  2 ogres (D:5)
  2 centaurs
  A phantom (D:6)
  4 kobold brigands
  2 bullfrogs (D:8)
  A gnoll sergeant (D:8)
  A scorpion (D:5)
  10 wights
  3 killer bees (D:8)
  4 howler monkeys (D:9)
  2 jellies
  8 hounds
  6 orc priests
  4 gnoll boudas
  Crazy Yiuf (D:3)
  A sleepcap (D:5)
  Jessica (D:2)
  Terence (D:3)
  4 iguanas
  5 orc wizards
  25 gnolls
  12 adders
  4 white imps
  2 ufetubi (D:6)
  A worm (D:2)
  5 dart slugs
  41 orcs
  8 ball pythons
  3 bats (D:1)
  6 endoplasms
  A giant cockroach (D:1)
  5 goblins
  7 hobgoblins
  A quokka (D:3)
  6 frilled lizards
  34 kobolds
  A quokka zombie (D:6)
  3 rats
  A rat zombie (D:6)
248 creatures vanquished.

Vanquished Creatures (others)
  62 foxfires
62 creatures vanquished.

Grand Total: 310 creatures vanquished

Notes
Turn   | Place    | Note
-------+----------+-------------------------------------------
     0 | D:1      | Azelaic the Djinni Fire Elementalist began the quest for
                  | the Orb.
     0 | D:1      | Azelaic set off with the following spells memorised:
                  | Foxfire, Scorch, Volatile Blastmotes, Inner Flame, Flame
                  | Wave.
     0 | D:1      | Reached XP level 1. HP: 15/15 MP: 0/0
  2077 | D:1      | Reached XP level 2. HP: 19/21 MP: 0/0
  2731 | D:1      | Reached XP level 3. HP: 23/25 MP: 0/0
  2731 | D:1      | Learned a level 1 spell: Necrotise
  4148 | D:2      | Reached XP level 4. HP: 29/31 MP: 0/0
  4235 | D:2      | Identified the +8 hand axe of Zin's Hope {venom, rF+
                  | Stlth+}
  4241 | D:2      | Noticed Jessica
  4245 | D:2      | Killed Jessica
  4552 | D:2      | Found a faded altar of an unknown god.
  4570 | D:2      | Prayed at the altar of an unknown god.
  4570 | D:2      | Became a worshipper of the Wu Jian Council
  4570 | D:2      | Reached * piety under Wu Jian
  4777 | D:3      | Noticed Terence
  4783 | D:3      | Reached XP level 5. HP: 33/36 MP: 0/0
  4783 | D:3      | Learned a level 2 spell: Lesser Beckoning
  4786 | D:3      | Killed Terence
  5300 | D:3      | Found a runed translucent door.
  5337 | D:3      | Noticed Crazy Yiuf
  5343 | D:3      | Killed Crazy Yiuf
  5344 | D:3      | Reached XP level 6. HP: 35/41 MP: 0/0
  5736 | D:4      | Reached ** piety under Wu Jian
  5969 | D:4      | Reached skill level 1 in Fighting
  6198 | D:4      | Noticed Menkaure
  6203 | D:4      | Killed Menkaure
  6204 | D:4      | Reached XP level 7. HP: 42/47 MP: 0/0
  6204 | D:4      | Learned a level 3 spell: Hailstorm
  6421 | D:4      | Identified the ring "Zaerphav" {Fire rN+++ MP-9}
  6428 | D:4      | Found a broken altar of Ashenzari.
  6681 | D:5      | Entered Level 5 of the Dungeon
  6764 | D:5      | Found a blossoming altar of Fedhas.
  7589 | D:5      | Reached skill level 5 in Spellcasting
  7589 | D:5      | Reached skill level 5 in Conjurations
  7589 | D:5      | Reached skill level 5 in Hexes
  7589 | D:5      | Reached skill level 5 in Summonings
  7589 | D:5      | Reached skill level 5 in Necromancy
  7589 | D:5      | Reached skill level 5 in Translocations
  7589 | D:5      | Reached skill level 5 in Transmutations
  7589 | D:5      | Reached skill level 5 in Fire Magic
  7589 | D:5      | Reached skill level 5 in Ice Magic
  7589 | D:5      | Reached skill level 5 in Air Magic
  7589 | D:5      | Reached skill level 5 in Earth Magic
  7589 | D:5      | Reached skill level 5 in Poison Magic
  7780 | D:5      | Reached skill level 1 in Shields
  7780 | D:5      | Reached XP level 8. HP: 48/52 MP: 0/0
  9072 | D:5      | Found a burning altar of Makhleb.
  9072 | D:5      | Noticed an Executioner
  9074 | D:5      | Found a staircase to the Ecumenical Temple.
  9101 | Temple   | Entered the Ecumenical Temple
  9642 | D:5      | Noticed an orange demon
  9642 | D:5      | Noticed a hellwing
 10094 | D:6      | Reached skill level 1 in Short Blades
 10149 | D:6      | HP: 2/52 [acid (8)]
 10996 | D:6      | Found a stormy altar of Qazlal.
 11445 | D:6      | Reached skill level 5 in Dodging
 11603 | D:6      | Reached *** piety under Wu Jian
 11606 | D:6      | Reached XP level 9. HP: 50/57 MP: 0/0
 11606 | D:6      | Learned a level 3 spell: Swiftness
 13181 | D:7      | Found Buenel's Serpentskin Sales.
 13507 | D:7      | Bought a scroll of poison for 48 gold pieces
 13507 | D:7      | Bought a ring of poison resistance for 240 gold pieces
 14135 | D:7      | Noticed a cyclops
 14135 | D:7      | Noticed a gargoyle
 14914 | D:8      | Reached XP level 10. HP: 60/64 MP: 0/0
 15170 | D:8      | Noticed a two-headed ogre
 15249 | D:8      | Reached skill level 5 in Shields
 15312 | D:8      | Killed a two-headed ogre
 15313 | D:8      | Reached skill level 1 in Axes
 15349 | D:7      | Reached skill level 5 in Stealth
 16024 | D:8      | Found a hazy altar of Hepliaklqana.
 16448 | D:8      | Found a basalt altar of Yredelemnul.
 16862 | D:9      | Reached **** piety under Wu Jian
 17191 | D:9      | Reached XP level 11. HP: 56/72 MP: 0/0
 17191 | D:9      | Learned a level 4 spell: Passage of Golubria
 17613 | D:9      | Found a shadowy altar of Dithmenos.
 17801 | D:9      | Noticed a two-headed ogre
 17874 | D:9      | Slain by a two-headed ogre

Illustrated notes

Levels and vault maps discovered:
D:1:      dpeg_arrival_arbitrary_b, layout_basic, serial_park_tiny_1,
          minmay_misc_feat_five
D:2:      layout_rooms, ebering_ecumenical_altar_abandoned, uniq_jessica
D:3:      layout_rooms, interstate_on_off, uniq_crazy_yiuf_cottage, uniq_terence
D:4:      layout_loops_cross, lemuel_crystal_altar, uniq_menkaure
D:5:      layout_layer_cave, mainiacjoe_overflow_six_doors_small,
          makhleb_altar_promises_db, mainiacjoe_overflow_surrounded_room,
          minmay_temple_entry_glassed_door
D:6:      layout_cave_pods, nicolae_overflow_crystal_walls, enter_ossuary_4
D:7:      minmay_the_grid_triangle_9x9_rhombus_thin
          [minmay_the_grid_triangle_9x9_minimal,
          minmay_the_grid_triangle_9x9_prize_top_heavy,
          minmay_the_grid_triangle_9x9_limited_checkers,
          minmay_the_grid_triangle_9x9_sparse_checkered], layout_basic,
          nrook_mini_vaults, guppyfry_shop_venom
D:8:      layout_cave_pools, lemuel_zombie_altar_yredelemnul,
          nzn_hepliaklqana_mist_gate
D:9:      layout_loops_corners, kiku_gazebo_pond_becter,
          mainiacjoe_overflow_alcove_2, nicolae_kite_square_tiling_tiny,
          minmay_ruffians, uniq_psyche
Temple:   minmay_temple_forest_path

Skill      XL: |  1  2  3  4  5  6  7  8  9 10 |
---------------+-------------------------------+-----
Spellcasting   | 4 5 7 8 |  8.4
Conjurations   | 4 5 7 8 |  8.4
Hexes          | 4 5 7 8 |  8.4
Summonings     | 4 5 7 8 |  8.4
Necromancy     | 4 5 7 8 |  8.4
Translocations | 4 5 7 8 |  8.4
Transmutations | 4 5 7 8 |  8.4
Fire Magic     | 4 5 7 8 |  8.4
Ice Magic      | 4 5 7 8 |  8.4
Air Magic      | 4 5 7 8 |  8.4
Earth Magic    | 4 5 7 8 |  8.4
Poison Magic   | 4 5 7 8 |  8.4
Stealth        | 2 3 4 5 |  5.1
Dodging        | 3 4 5 6 8 |  8.3
Fighting       | 1 2 3 |  3.7
Shields        | 1 2 4 5 |  5.9
Short Blades   | 1 |  1.3
Axes           | 1 |  1.6
Unarmed Combat | |  0.1
Evocations     | |  0.7

Action                     |  1- 3 |  4- 6 |  7- 9 | 10-12 || total
---------------------------+-------+-------+-------+-------++-------
  Melee: Unarmed           |     2 |       |       |       ||     2
         Short sword       |     1 |    19 |     7 |       ||    27
         Hand axe          |       |       |     5 |     5 ||    10
         Trident           |       |       |       |     4 ||     4
   Cast: Foxfire           |    40 |       |       |     3 ||    43
         Scorch            |    27 |    65 |   200 |   163 ||   455
         Necrotise         |     3 |       |       |       ||     3
Ability: Lunge             |       |     2 |     5 |     3 ||    10
         Whirlwind         |       |       |       |     5 ||     5
  Evoke: Wand              |       |       |     2 |     1 ||     3
    Use: Scroll            |       |     3 |    14 |     3 ||    20
         Potion            |       |     1 |     5 |       ||     6
   Stab: Sleeping          |       |       |       |     1 ||     1
 Armour: Robe              |     4 |     9 |    50 |    23 ||    86
  Dodge: Dodged            |    20 |    12 |    68 |    67 ||   167
  Block: Buckler           |       |     2 |    57 |    50 ||   109

Table legend: (Time is in decaauts)
 A = Elapsed time spent in this place.
 B = Non-inter-level travel time spent in this place.
 C = Inter-level travel time spent in this place.
 D = Time resting spent in this place.
 E = Time spent auto-exploring this place.
 F = Levels seen in this place.
 G = Mean time per level.
                   A        B        C        D        E       F      G
               +--------+--------+--------+--------+--------+-----+--------+
         Total |  17856 |  16017 |   1839 |  10148 |   4386 |  10 | 1785.6 |
       Dungeon |  17659 |  16016 |   1643 |  10148 |   4386 |   9 | 1962.1 |
        Temple |    197 |      1 |    196 |      0 |      0 |   1 |  197.0 |
               +--------+--------+--------+--------+--------+-----+--------+

Top non-repeatable levels by time:
     D:1: 3898 daAuts
     D:5: 3817 daAuts
     D:7: 2213 daAuts
     D:6: 2174 daAuts
     D:8: 1515 daAuts
     D:9: 1258 daAuts
     D:4: 986 daAuts
     D:3: 921 daAuts
     D:2: 873 daAuts
  Temple: 197 daAuts
